 Dungeon Crawl Stone Soup version 0.30-a0-272-gf98c3da03f (webtiles) character file.

Game seed: 13891559215972952684

780 Caerun the Conjurer (level 7, 0/51 HPs)
             Began as a Gnoll Conjurer on Oct 15, 2022.
             Was an Initiate of Cheibriados.
             Slain by a gnoll
             ... wielding a +0 whip
             ... led by a gnoll bouda
              (3 damage)
             ... on level 7 of the Dungeon.
             The game lasted 00:10:38 (6526 turns).

Caerun the Conjurer (Gnoll Conjurer)                Turns: 6526, Time: 00:10:39

Health: 0/51       AC:  3    Str: 14    XL:     7   Next: 85%
Magic:  3/15       EV: 12    Int: 18    God:    Cheibriados [......]
Gold:   312        SH:  8    Dex: 13    Spells: 14/17 levels left

rFire   . . .      SeeInvis .    u - +2 flail (protect)
rCold   . . .      Faith    .    w - +0 kite shield
rNeg    . . .      Spirit   .    a - +0 robe
rPois   .          Reflect  .    l - +0 helmet
rElec   .          Harm     .    (no cloak)
rCorr   .          Rampage  .    (no gloves)
Will    +....                    (no boots)
Stlth   +++.......               (no amulet)
HPRegen 0.28/turn                o - +6 ring of strength
MPRegen 0.14/turn                r - ring of willpower

@: slowed, very slow
A: fangs 1, strong nose, distributed training
a: Renounce Religion


You were on level 7 of the Dungeon.
You worshipped Cheibriados.
Cheibriados was noncommittal.
You visited 2 branches of the dungeon, and saw 9 of its levels.

You collected 407 gold pieces.
You spent 95 gold pieces at shops.

Inventory:

Hand Weapons
 u - a +2 flail of protection (weapon)
Armour
 a - a +0 robe (worn)
 l - a +0 helmet (worn)
 w - a +0 kite shield (worn)
Jewellery
 o - a +6 ring of strength (left hand)
 r - a ring of willpower (right hand)
Scrolls
 e - a scroll of immolation
 f - a scroll of brand weapon
 g - a scroll of blinking
 k - a scroll of butterflies
 n - a scroll of torment {unknown}
 s - a scroll of fear {unknown}
 t - a scroll of poison {unknown}
 y - 2 scrolls of teleportation {unknown}
 z - a scroll of noise {unknown}
Potions
 b - 3 potions of magic
 c - 3 potions of lignification
 d - 4 potions of curing
 h - 2 potions of degeneration {unknown}
 i - 2 potions of brilliance {unknown}
 j - a potion of berserk rage
 m - 2 potions of heal wounds {unknown}
 p - a potion of cancellation {unknown}
 q - 3 potions of mutation
 v - a potion of might {unknown}
 x - 2 potions of invisibility {unknown}
 A - a potion of flight {unknown}


   Skills:
 + Level 2.8 Fighting
 + Level 2.8 Short Blades
 + Level 2.8 Long Blades
 + Level 2.8 Axes
 + Level 2.8 Maces & Flails
 + Level 2.8 Polearms
 + Level 2.8 Staves
 + Level 2.8 Ranged Weapons
 + Level 2.8 Throwing
 + Level 2.8 Armour
 + Level 5.4 Dodging
 + Level 5.1 Stealth
 + Level 2.8 Shields
 + Level 2.8 Unarmed Combat
 + Level 5.8 Spellcasting
 + Level 7.5 Conjurations
 + Level 2.3 Hexes
 + Level 2.3 Summonings
 + Level 2.3 Necromancy
 + Level 2.3 Translocations
 + Level 2.3 Transmutations
 + Level 2.3 Fire Magic
 + Level 2.3 Ice Magic
 + Level 2.3 Air Magic
 + Level 2.3 Earth Magic
 + Level 2.3 Poison Magic
 + Level 3.1 Invocations
 + Level 2.8 Evocations


You had 14 spell levels left.
You knew the following spells:

 Your Spells              Type           Power      Damage    Failure   Level
a - Magic Dart            Conj           100%       1d8       1%          1
b - Searing Ray           Conj           64%        2d6       2%          2

Your spell library contained the following spells:

 Spells                   Type           Power      Damage    Failure   Level
 Momentum Strike          Conj/Tloc      46%        3d9       8%          2
 Freeze                   Ice            52%        1d6       16%         1
 Dazzling Flash           Conj/Hex       46%        N/A       16%         3
 Hailstorm                Conj/Ice       23%        3d7       16%         3
 Blink                    Tloc           26%        N/A       22%         2
 Cigotuvi's Dreadful Rot  Necr/Pois/Air  26%        N/A       22%         2
 Frozen Ramparts          Ice            26%        1d4       41%         3
 Lesser Beckoning         Tloc           26%        N/A       41%         3
 Fulminant Prism          Conj/Hex       11%        3d9       45%         4
 Iskenderun's Mystic Bla  Conj/Tloc      23%        2d6       45%         4
 Lightning Bolt           Conj/Air       11%        1d24      82%         5
 Airstrike                Air            6%         2d(1-17)  83%         4
 Dispel Undead            Necr           13%        3d9       83%         4
 Summon Lightning Spire   Summ/Air       13%        N/A       83%         4
 Death Channel            Necr           6%         N/A       100%        6


Dungeon Overview and Level Annotations

Branches:
Dungeon (8/15)             Temple (1/1) D:6
   Lair: D:8-11

Altars:
Ashenzari
Cheibriados
Dithmenos
Gozag
Kikubaaqudgha
Makhleb
Nemelex Xobeh
Ru
Sif Muna
Trog
Wu Jian
Xom
Yredelemnul
The Shining One

Shops:
D:3 *   D:4 (


Innate Abilities, Weirdness & Mutations

You have very sharp teeth.
Your uncanny sense of smell can sniff out nearby items.
Your experience applies equally to all skills.


Message History

As you read the scroll of blinking, it crumbles to dust.
You feel better.
Okay, then.
Okay, then.
The gnoll hits you from afar with a +0 spear.
* * * LOW HITPOINT WARNING * * *
Casting: Searing Ray (safe; 2% risk of failure)
Confirm with . or Enter, or press ? or * to list all spells.
Aiming: Searing Ray (safe; 2% risk of failure)
Press: ? - help, Shift-Dir - straight line, f - gnoll
Aim: a gnoll, wielding a +0 spear (83% to hit)
The searing ray hits the gnoll but does no damage.
The searing ray misses the wraith.
The searing ray hits the gnoll.
The gnoll is heavily wounded. (Press . to maintain the ray.)
The gnoll hits you from afar with a +0 spear.
* * * LOW HITPOINT WARNING * * *
The searing ray hits the gnoll!
The gnoll is severely wounded.
The gnoll barely misses you. You block the gnoll's attack.
Without enough magic to sustain it, your searing ray dissipates.
The gnoll hits you but does no damage. The gnoll closely misses you.
Found a stone staircase leading up.
You block the gnoll's attack.
Found a stone staircase leading up.
The gnoll hits you with a +0 whip.
* * * LOW HITPOINT WARNING * * *
You block the gnoll's attack.
There is a stone staircase leading up here.
The gnoll hits you from afar with a +0 spear!
* * * LOW HITPOINT WARNING * * *
The gnoll hits you but does no damage.
You climb upwards.
The centaur shouts!
There is a stone staircase leading down here.
The gnoll attacks as you move away! The gnoll closely misses you.
The centaur wields a +0 shortbow of flaming.
It bursts into flame!
The centaur shoots an arrow.
The arrow barely misses you. The gnoll hits you with a +0 whip.
You die...

### # #..
##.####.#####
#...........#
#......c..#
#g# #@#
........#
#.####...
#..#. ...#.#
##..# . #..#
.# #..# #


You could see a centaur and a gnoll.

Vanquished Creatures
  A water moccasin (D:5)
  A black bear (D:5)
  2 scorpions
  A howler monkey (D:6)
  2 jellies (D:5)
  A hound (D:6)
  2 orc priests
  An iguana (D:6)
  2 orc wizards
  Robin (D:2)
  2 gnolls (D:8)
  6 adders
  A white imp (D:6)
  A worm (D:3)
  5 dart slugs
  14 orcs
  5 bats
  4 endoplasms
  A giant cockroach (D:1)
  19 goblins
  5 hobgoblins
  4 jackals
  4 quokkas
  3 ball pythons
  A frilled lizard (D:1)
  9 kobolds
  3 rats
101 creatures vanquished.

Vanquished Creatures (others)
  2 plants (D:3)
2 creatures vanquished.

Grand Total: 103 creatures vanquished

Notes
Turn   | Place    | Note
-------+----------+-------------------------------------------
     0 | D:1      | Caerun the Gnoll Conjurer began the quest for the Orb.
     0 | D:1      | Reached XP level 1. HP: 13/13 MP: 6/6
    36 | D:1      | Found a faded altar of an unknown god.
   150 | D:1      | Reached XP level 2. HP: 5/19 MP: 0/7
   836 | D:1      | Reached skill level 5 in Spellcasting
   836 | D:1      | Reached XP level 3. HP: 22/25 MP: 6/9
  1179 | D:2      | Noticed Robin
  1183 | D:2      | Killed Robin
  1184 | D:2      | Reached skill level 1 in Invocations
  1205 | D:2      | Reached skill level 1 in Fighting
  1205 | D:2      | Reached skill level 1 in Short Blades
  1205 | D:2      | Reached skill level 1 in Long Blades
  1205 | D:2      | Reached skill level 1 in Axes
  1205 | D:2      | Reached skill level 1 in Maces & Flails
  1205 | D:2      | Reached skill level 1 in Polearms
  1205 | D:2      | Reached skill level 1 in Staves
  1205 | D:2      | Reached skill level 1 in Ranged Weapons
  1205 | D:2      | Reached skill level 1 in Throwing
  1205 | D:2      | Reached skill level 1 in Armour
  1205 | D:2      | Reached skill level 1 in Shields
  1205 | D:2      | Reached skill level 1 in Unarmed Combat
  1205 | D:2      | Reached skill level 1 in Evocations
  1337 | D:2      | Learned a level 2 spell: Searing Ray
  1629 | D:2      | Reached XP level 4. HP: 32/32 MP: 8/11
  2190 | D:3      | Reached skill level 1 in Hexes
  2190 | D:3      | Reached skill level 1 in Summonings
  2190 | D:3      | Reached skill level 1 in Necromancy
  2190 | D:3      | Reached skill level 1 in Translocations
  2190 | D:3      | Reached skill level 1 in Transmutations
  2190 | D:3      | Reached skill level 1 in Fire Magic
  2190 | D:3      | Reached skill level 1 in Ice Magic
  2190 | D:3      | Reached skill level 1 in Air Magic
  2190 | D:3      | Reached skill level 1 in Earth Magic
  2190 | D:3      | Reached skill level 1 in Poison Magic
  2460 | D:3      | Reached XP level 5. HP: 37/37 MP: 8/12
  2786 | D:3      | Found a basalt altar of Yredelemnul.
  2788 | D:3      | Noticed a profane servitor
  2801 | D:3      | Found a glowing golden altar of the Shining One.
  2803 | D:3      | Noticed an angel
  2826 | D:3      | Found Epte's General Store.
  2831 | D:3      | Bought a scroll of identify for 20 gold pieces
  2831 | D:3      | Bought a +0 kite shield for 45 gold pieces
  2831 | D:3      | Bought a potion of curing for 30 gold pieces
  3448 | D:4      | Found Cedidas's Antique Weapon Shoppe.
  3670 | D:4      | Reached XP level 6. HP: 40/44 MP: 5/14
  3783 | D:4      | Reached skill level 5 in Dodging
  4019 | D:5      | Entered Level 5 of the Dungeon
  4144 | D:5      | Found a broken altar of Ashenzari.
  4237 | D:5      | Noticed a black bear
  4449 | D:5      | Killed a black bear
  4764 | D:5      | Reached XP level 7. HP: 48/51 MP: 10/15
  5652 | D:6      | Found a staircase to the Ecumenical Temple.
  5658 | Temple   | Entered the Ecumenical Temple
  5892 | Temple   | Became a worshipper of Cheibriados the Contemplative
  5943 | D:6      | Reached skill level 5 in Stealth
  6400 | D:6      | You fall into a shaft and drop 2 floors!
  6496 | D:8      | Noticed a wraith
  6524 | D:8      | HP: 2/51 [gnoll/+0 spear[a gnoll bouda] (8)]
  6526 | D:7      | Slain by a gnoll

Illustrated notes

Levels and vault maps discovered:
D:1:      psy_arrival_statuary, layout_basic, hellmonk_ecumenical_altar_blasted,
          item_on_display_a
D:2:      layout_loops_ring, uniq_robin
D:3:      layout_basic, grunt_temple_overflow_holy_war, serial_bayou,
          serial_bayou_pond_a, serial_bayou_crossing, serial_bayou_pond_b,
          serial_bayou_shore_a, serial_bayou_lagoon_a, serial_bayou_pond_a,
          serial_shops, nicolae_shop_hallway_plus, kennysheep_minor_cross,
          minmay_misc_feat_pillars
D:4:      layout_cave_pools, nicolae_stop_n_shop_1
D:5:      layout_layer_cave, lemuel_round_altar
D:6:      layout_basic, minitemple, nicolae_qazlal_general_emergency,
          minmay_temple_entry_glassed_door, grunt_ministairs_7
D:7:      layout_loops_ring, uniq_joseph
D:8:      layout_rooms, erik_lair_dragon, enter_bailey_2
Temple:   minmay_temple_curvy_loop

Skill      XL: |  1  2  3  4  5  6  7 |
---------------+----------------------+-----
Spellcasting   | 5 |  5.8
Invocations    | 1 2 3 |  3.1
Fighting       | 1 2 |  2.8
Short Blades   | 1 2 |  2.8
Long Blades    | 1 2 |  2.8
Axes           | 1 2 |  2.8
Maces & Flails | 1 2 |  2.8
Polearms       | 1 2 |  2.8
Staves         | 1 2 |  2.8
Ranged Weapons | 1 2 |  2.8
Throwing       | 1 2 |  2.8
Armour         | 1 2 |  2.8
Shields        | 1 2 |  2.8
Unarmed Combat | 1 2 |  2.8
Evocations     | 1 2 |  2.8
Hexes          | 1 2 |  2.3
Summonings     | 1 2 |  2.3
Necromancy     | 1 2 |  2.3
Translocations | 1 2 |  2.3
Transmutations | 1 2 |  2.3
Fire Magic     | 1 2 |  2.3
Ice Magic      | 1 2 |  2.3
Air Magic      | 1 2 |  2.3
Earth Magic    | 1 2 |  2.3
Poison Magic   | 1 2 |  2.3
Dodging        | 5 |  5.4
Stealth        | 5 |  5.1
Conjurations   | |  7.5

Action                   |  1- 3 |  4- 6 |  7- 9 || total
-------------------------+-------+-------+-------++-------
Melee: Unarmed           |    13 |       |       ||    13
       Dagger            |     3 |       |       ||     3
       Bite              |     1 |     2 |       ||     3
       Flail             |       |    37 |     8 ||    45
 Cast: Magic Dart        |    64 |       |       ||    64
       Searing Ray       |     5 |    45 |    18 ||    68
  Use: Scroll            |       |     5 |     2 ||     7
       Potion            |       |       |     1 ||     1
 Stab: Sleeping          |       |     1 |     1 ||     2
Armor: Robe              |     1 |    31 |     8 ||    40
Dodge: Dodged            |     9 |    51 |    22 ||    82
Block: Kite shield       |       |    20 |    16 ||    36

Table legend: (Time is in decaauts)
 A = Elapsed time spent in this place.
 B = Non-inter-level travel time spent in this place.
 C = Inter-level travel time spent in this place.
 D = Time resting spent in this place.
 E = Time spent auto-exploring this place.
 F = Levels seen in this place.
 G = Mean time per level.
                   A        B        C        D        E       F      G
               +--------+--------+--------+--------+--------+-----+--------+
         Total |   6680 |   6499 |    181 |    300 |   5295 |   9 |  742.2 |
       Dungeon |   6401 |   6265 |    136 |    300 |   5089 |   8 |  800.1 |
        Temple |    279 |    235 |     44 |      0 |    206 |   1 |  279.0 |
               +--------+--------+--------+--------+--------+-----+--------+

Top non-repeatable levels by time:
     D:5: 1557 daAuts
     D:3: 1261 daAuts
     D:1: 1062 daAuts
     D:2: 1030 daAuts
     D:4: 761 daAuts
     D:6: 578 daAuts
  Temple: 279 daAuts
     D:8: 147 daAuts
     D:7: 1 daAuts
